 Dungeon Crawl Stone Soup version 0.31-a0-246-g8cbcc1cb85 (webtiles) character file.

Game seed: 18028939203257068547

102 Iniera the Stinger (level 4, -5/36 HPs)
             Began as a Deep Elf Venom Mage on July 13, 2023.
             Slain by Sigmund
             ... wielding a +0 scythe
              (7 damage)
             ... on level 2 of the Dungeon.
             The game lasted 00:02:18 (1873 turns).

Iniera the Stinger (Deep Elf Venom Mage)            Turns: 1873, Time: 00:02:19

Health: -5/36      AC:  3    Str:  5    XL:     4   Next: 50%
Magic:  10/11      EV: 13    Int: 22    God:
Gold:   113        SH:  0    Dex: 15    Spells: 7/10 levels left

rFire   . . .        c - +1 flail
rCold   . . .        (no shield)
rNeg    . . .        a - +1 robe
rPois   .            (no helmet)
rElec   .            (no cloak)
rCorr   .            (no gloves)
SInv    .            (no boots)
Will    .....        (no amulet) Stlth
                     (no ring)
HPRegen 0.26/turn    (no ring)
MPRegen 0.12/turn

%: no passive effects
@: brilliant, berserking, very quick
A: no striking features
a: no special abilities


You were on level 2 of the Dungeon.
You visited 1 branch of the dungeon, and saw 2 of its levels.

You collected 113 gold pieces.

Inventory:

Hand Weapons
 c - a +1 flail (weapon)
Armour
 a - a +1 robe (worn)
Scrolls
 e - a scroll of silence {unknown}
 g - 2 scrolls of identify
 i - a scroll of immolation
Potions
 b - a potion of magic
 f - a potion of berserk rage
 h - a potion of enlightenment {unknown}
 l - a potion of curing {unknown}


   Skills:
 + Level 3.2 Dodging
 + Level 3.3 Stealth
 + Level 3.7 Spellcasting
 + Level 1.5 Conjurations
 - Level 1.1 Transmutations
 + Level 1.4 Air Magic
 + Level 3.8 Poison Magic


You had 7 spell levels left.
You knew the following spells:

 Your Spells              Type           Power      Damage    Failure   Level
a - Sting                 Tmut/Pois      88%        1d7       4%          1
b - Poisonous Vapours     Pois/Air       46%        N/A       6%          2

Your spell library contained the following spells:

 Spells                   Type           Power      Damage    Failure   Level
 Shock                    Conj/Air       64%        1d7       6%          1
 Mephitic Cloud           Conj/Pois/Air  21%        N/A       14%         3
 Swiftness                Air            16%        N/A       19%         3
 Olgreb's Toxic Radiance  Pois           31%        N/A       24%         4
 Airstrike                Air            8%         2d(2-18)  52%         4
 Summon Ice Beast         Ice/Summ       6%         N/A       75%         4
 Summon Mana Viper        Hex/Summ       6%         N/A       97%         5
 Monstrous Menagerie      Summ           3%         N/A       100%        7


Dungeon Overview and Level Annotations

Branches:
Dungeon (2/15)

Altars:

Shops:
D:1 *   D:2 (

Annotations:
D:2 Sigmund


Message History

Deactivating autopickup; reactivate with Ctrl-A.
The sting hits the sleepcap.
The sleepcap partially resists.
The sleepcap looks even sicker.
The sleepcap is lightly damaged.
The sleepcap releases spores at you. The sleepcap attacks as you move away!
The sleepcap releases spores at you.
The sting hits the sleepcap.
The sleepcap partially resists.
The sleepcap looks even sicker.
The sleepcap is moderately damaged.
The sleepcap releases spores at you.
You are engulfed in a cloud of soporific spores!
You fall asleep.
The sleepcap completely misses you. The sleepcap releases spores at you.
You wake up.
Unknown command.
Unknown command.
Okay, then.
You aren't carrying any items that you can evoke.
Unknown command.
Okay, then.
The sleepcap attacks as you move away! The sleepcap releases spores at you.
The hobgoblin attacks as you move away! The hobgoblin hits you.
* * * LOW HITPOINT WARNING * * *
The sleepcap attacks as you move away! The sleepcap closely misses you.
The sleepcap attacks as you move away! The sleepcap misses you.
The hobgoblin attacks as you move away! The hobgoblin hits you.
* * * LOW HITPOINT WARNING * * *
You destroy the sleepcap!
It was a potion of brilliance.
You feel clever all of a sudden.
The hobgoblin hits you but does no damage.
It was a potion of berserk rage.
A red film seems to cover your vision as you go berserk!
You feel yourself moving faster!
You feel mighty! Something hits you.
* * * LOW HITPOINT WARNING * * *
The hobgoblin hits you.
* * * LOW HITPOINT WARNING * * *
You barely miss the hobgoblin. The hobgoblin barely misses you.
Something hits you!
You die...

#.# ##'####...#...#....##. #.#
#.....#...###.#....### #.#
#.....#######.#....#
#.....†.....#.#...[#
#.....#####.#.'....# #.....#
#†###....### #.....#
#...'....+.. ..... #.....#
#####....##. .......
#....@####### #....##. .......
#####g....... .....##. .......
#.K...... .##>....
.......#######........ .
#+#...
..............................
#............####.. .......
#.......K....# . ......##
#....######### ...... #....#
###+##


You could see a hobgoblin and a kobold.

Vanquished Creatures
  A sleepcap (D:2)
  3 adders (D:2)
  2 dart slugs
  3 ball pythons (D:1)
  3 endoplasms (D:1)
  5 giant cockroaches
  A goblin (D:2)
  4 hobgoblins (D:1)
  6 jackals
  4 bats
  A frilled lizard (D:1)
  3 kobolds
  6 rats
  A spectral goblin (D:2)
43 creatures vanquished.

Notes
Turn   | Place    | Note
-------+----------+-------------------------------------------
     0 | D:1      | Iniera the Deep Elf Venom Mage began the quest for the Orb.
     0 | D:1      | Reached XP level 1. HP: 10/10 MP: 6/6
   256 | D:1      | Reached XP level 2. HP: 15/15 MP: 6/8
   438 | D:1      | Found Koudeara's General Store.
   578 | D:1      | Learned a level 2 spell: Poisonous Vapours
   755 | D:1      | Reached XP level 3. HP: 19/19 MP: 6/9
  1038 | D:1      | Reached skill level 1 in Conjurations
  1294 | D:2      | Reached skill level 1 in Air Magic
  1355 | D:2      | Found a faded altar of an unknown god.
  1531 | D:2      | Found Tiynoif's Weapon Shoppe.
  1758 | D:2      | Reached XP level 4. HP: 15/24 MP: 4/11
  1854 | D:2      | Noticed Sigmund
  1873 | D:2      | Slain by Sigmund

Illustrated notes

Levels and vault maps discovered:
D:1:      reono_arrival_forest_river, layout_basic, serial_shops,
          nicolae_square_shop, dreamdust_wishing_well, nrook_mini_vaults,
          minmay_pentomino_p2
D:2:      layout_basic, dreamdust_ecumenical_altar_drowned_temple, serial_shops,
          shop, uniq_sigmund

Skill      XL: |  1  2  3 |
---------------+----------+-----
Conjurations   | 1 |  1.5
Stealth        | 3 |  3.3
Air Magic      | 1 |  1.4
Dodging        | 3 |  3.2
Spellcasting   | |  3.7
Transmutations | |  1.1
Poison Magic   | |  3.8

Action                     |  1- 3 |  4- 6 || total
---------------------------+-------+-------++-------
  Melee: Flail             |    34 |     1 ||    35
   Cast: Sting             |    74 |     4 ||    78
    Use: Scroll            |     4 |       ||     4
         Potion            |       |     2 ||     2
   Stab: Sleeping          |     1 |       ||     1
 Armour: Robe              |    11 |     1 ||    12
  Dodge: Dodged            |    62 |     4 ||    66

Table legend: (Time is in decaauts)
 A = Elapsed time spent in this place.
 B = Non-inter-level travel time spent in this place.
 C = Inter-level travel time spent in this place.
 D = Time resting spent in this place.
 E = Time spent auto-exploring this place.
 F = Levels seen in this place.
 G = Mean time per level.
                   A        B        C        D        E       F      G
               +--------+--------+--------+--------+--------+-----+--------+
         Total |   1901 |   1880 |     21 |     29 |   1521 |   2 |  950.5 |
       Dungeon |   1901 |   1880 |     21 |     29 |   1521 |   2 |  950.5 |
               +--------+--------+--------+--------+--------+-----+--------+

Top non-repeatable levels by time:
     D:1: 1153 daAuts
     D:2: 747 daAuts
